 Dungeon Crawl Stone Soup version 0.27.0-1-g7a089689b8 (webtiles) character file.

Game seed: 3494488372946515728

213 pascalblue the Digger (level 5, -3/28 HPs)
             Began as a Deep Elf Earth Elementalist on Aug 3, 2021.
             Slain by a worm (9 damage)
             ... on level 2 of the Dungeon.
             The game lasted 00:06:03 (2674 turns).

pascalblue the Digger (Deep Elf Earth Elementalist) Turns: 2674, Time: 00:06:04

Health: -3/28      AC:  4    Str:  5    XL:     5   Next: 59%
Magic:  7/13       EV: 12    Int: 21    God:
Gold:   27         SH:  0    Dex: 15    Spells: 9/13 levels left

rFire    . . .     SeeInvis .   a - +1 dagger
rCold    . . .     Faith    .   (no shield)
rNeg     . . .     Spirit   .   b - +0 robe
rPois    .         Reflect  .   (no helmet)
rElec    .         Harm     .   i - +0 cloak
rCorr    .         Rampage  .   g - +0 pair of gloves
Will     .....                  (no boots)
Stlth    ++........             (no amulet)
HPRegen  0.09/turn              (no ring)
MPRegen  0.13/turn              (no ring)

@: no status effects
A: no striking features
a: no special abilities


You were on level 2 of the Dungeon.
You visited 1 branch of the dungeon, and saw 2 of its levels.

You collected 27 gold pieces.

Inventory:

Hand Weapons
 a - a +1 dagger (weapon)
Missiles
 c - 10 stones
Armour
 b - a +0 robe (worn)
 g - a +0 pair of gloves (worn)
 i - a +0 cloak (worn)
Scrolls
 d - a scroll of identify
 j - a scroll of teleportation
Potions
 k - 3 potions of haste


   Skills:
 - Level 2.4 Dodging
 - Level 2.4 Stealth
 + Level 4.6 Spellcasting
 * Level 3.0 Translocations
 - Level 1.1 Transmutations
 * Level 5.4 Earth Magic


You had 9 spell levels left.
You knew the following spells:

 Your Spells              Type           Power      Damage    Failure   Level
a - Sandblast             Erth           54%        2d13      1%          1
b - Teleport Other        Tloc           17%        N/A       10%         3

Your spell library contained the following spells:

 Spells                   Type           Power      Damage    Failure   Level
 Passwall                 Tmut/Erth      15%        N/A       4%          2
 Gell's Gravitas          Tloc           8%         N/A       10%         3
 Stone Arrow              Conj/Erth      32%        3d9       11%         3
 Petrify                  Tmut/Erth      18%        N/A       30%         4
 Dispersal                Tloc           8%         N/A       99%         6


Dungeon Overview and Level Annotations

Branches:
Dungeon (2/15)

Altars:

Shops:
D:1 !


Message History

The blast of sand hits something!
Something hits you.
* * * LOW HITPOINT WARNING * * *
You feel better. Something barely misses you.
Casting: Sandblast (safe; 2% risk of failure)
Confirm with . or Enter, or press ? or * to list all spells.
Aiming: Sandblast (safe; 2% risk of failure)
Press: ? - help, Shift-Dir - straight line The blast of sand hits something!
Reactivating autopickup.
You feel a bit more experienced.
Your Spellcasting skill increases to level 4!
Your Translocations skill gained 3 levels and is now at level 3!
Your Earth Magic skill increases to level 5!
You have reached level 4!
You feel clever.
You have reached level 5!
You see here a rat corpse.
Things that are here:
a +0 scythe; a +0 robe; a ruby potion The worm bites you.
You hit the worm.
The worm is lightly wounded.
The worm completely misses you.
You hit the worm.
The worm is lightly wounded.
You hit the worm.
The worm is lightly wounded.
The worm bites you.
* * * LOW HITPOINT WARNING * * *
You hit the worm.
The worm is lightly wounded.
Casting: Sandblast (safe; 1% risk of failure)
Confirm with . or Enter, or press ? or * to list all spells.
Aiming: Sandblast (safe; 1% risk of failure)
Press: ? - help, Shift-Dir - straight line, f - worm
Aim: a worm (lightly wounded, 93% to hit)
The blast of sand hits the worm!
The worm is almost dead.
The worm bites you!
You die...

....# #.#
#.......<#......§§§## ..#
#.############......§§§§#
#...##..............§§§§§
###.##.#......÷.)....>...
#
###.##.#.######..........
#...##.#†# #....⌠...⌠.
######.#....#)#
#..........
#...........#.#
#.....#.... #
#.######.##.#@#
#######.... #
#.##........#w# ###..
####.##.########.# ..
....w............#
####.###.#########
#...........#
#####....##.# #.#####.#
#.......#


You could see a worm.

Vanquished Creatures
  Sigmund (D:2)
  A worm (D:2)
  7 bats
  5 endoplasms
  3 giant cockroaches
  3 goblins
  7 jackals (D:1)
  4 kobolds
  7 ball pythons
  2 frilled lizards (D:1)
  A rat (D:2)
41 creatures vanquished.

Notes
Turn   | Place    | Note
-------+----------+-------------------------------------------
     0 | D:1      | pascalblue the Deep Elf Earth Elementalist began the quest
                  | for the Orb.
     0 | D:1      | Reached XP level 1. HP: 10/10 MP: 6/6
   550 | D:1      | Reached XP level 2. HP: 11/15 MP: 2/8
   748 | D:1      | Reached skill level 4 in Earth Magic
   973 | D:1      | Found Soalia's Distillery.
  1638 | D:1      | Reached XP level 3. HP: 18/19 MP: 10/10
  1854 | D:1      | Learned a level 3 spell: Teleport Other
  2626 | D:2      | Noticed Sigmund
  2665 | D:2      | Killed Sigmund
  2666 | D:2      | Reached skill level 5 in Earth Magic
  2666 | D:2      | Reached XP level 4. HP: 14/24 MP: 7/12
  2666 | D:2      | Reached XP level 5. HP: 16/28 MP: 7/13
  2674 | D:2      | Slain by a worm

Illustrated notes

Levels and vault maps discovered:
D:1:      roderic_crop_circles_arrival_small, layout_basic, serial_shops,
          nicolae_lakefront_shop, chequers_avenue
D:2:      layout_basic, shapermc_ecumenical_altar_rom_forum,
          amcnicky_mini_pool_small, grunt_ministairs_1, uniq_sigmund

Skill      XL: |  1  2  3 |
---------------+----------+-----
Earth Magic    | 4 5 |  5.4
Spellcasting   | 4 |  4.6
Translocations | 3 |  3.0
Dodging        | |  2.4
Stealth        | |  2.4
Transmutations | |  1.1

Action                   |  1- 3 |  4- 6 || total
-------------------------+-------+-------++-------
Melee: Unarmed           |     9 |       ||     9
       Dagger            |   133 |     4 ||   137
 Cast: Sandblast         |    34 |     1 ||    35
  Use: Scroll            |     6 |       ||     6
       Potion            |     1 |       ||     1
 Stab: Sleeping          |     5 |       ||     5
Armor: Robe              |    75 |       ||    75
Dodge: Dodged            |   126 |     1 ||   127
